Map: Вечная империя РВ

Players

ИИ 2 (новичок)

  • Race: Zerg Zerg
  • Spawn Location: 7:00

Weebsy - Winner!

  • Race: Terran Terran
  • League: Diamond
  • Spawn Location: 1:00

VOD

Have the link to the VOD?

Description

Time

  • Played on: Sept. 16, 2020, 1:49 p.m.
  • Length: 8:17
Show
View Real Time Build Order
Export as new Build Order

ИИ 2 (новичок) Zerg 

Build Orders: Pool Only 

Get SALT Encoding   

  12  0:00  Drone  
  13  0:12  Overlord  
  13  0:17  Drone  
  14  0:35  Spawning Pool  
  13  0:36  Extractor  
  13  0:39  Drone  
  13  0:46  Drone  
  14  0:52  Overlord  
  14  1:22  Zergling x2  
  14  1:23  Queen  
  17  1:32  Roach Warren  
  16  1:34  Drone  
  16  1:38  Extractor  
  16  1:41  Zergling x2  
  16  1:43  Drone  
  18  1:56  Drone  
  18  1:59  Zergling x2  
  20  2:07  Drone  
  21  2:17  Drone  
  22  2:28  Drone  
  23  2:30  Overlord  
  23  2:35  Drone  
  24  2:42  Drone  
  25  3:53  Zergling x2  
  25  5:47  Lair, Drone, Overlord, Roach  
  28  5:54  Drone  
  29  6:01  Drone  
  30  6:08  Drone  
  28  6:16  Drone  
  29  6:23  Drone  
  30  6:28  Roach  
  32  6:48  Overseer x2  
  32  6:51  Overlord  
  30  6:56  Zergling x2  
  29  7:05  Overseer  
  28  7:10  Overlord  
  26  7:17  Overseer  
Show
View Real Time Build Order
Export as new Build Order

Weebsy Terran - Winner!

Build Orders: Reaper Expand 

Get SALT Encoding   

  12  0:00  SCV  
  13  0:14  SCV  
  14  0:18  Supply Depot  
  14  0:26  SCV  
  15  0:40  SCV  
  15  0:42  Barracks  
  16  0:46  Refinery  
  16  0:52  SCV  
  17  1:04  SCV  
  18  1:16  SCV  
  19  1:29  Orbital Command, Reaper  
  20  1:43  Command Center  
  20  1:54  Barracks  
  20  1:57  SCV  
  21  2:02  Barracks Reactor  
  21  2:09  SCV  
  21  2:14  Supply Depot  
  22  2:20  Refinery  
  22  2:21  SCV  
  23  2:35  SCV  
  24  2:37  Factory  
  24  2:38  Marine x2  
  24  2:42  Barracks Tech Lab  
  26  2:47  SCV  
  27  2:55  Orbital Command  
  27  3:00  SCV, Marine x2  
  27  3:01  Marine  
  31  3:07  Stimpack  
  31  3:13  SCV  
  31  3:18  Marine x2  
  34  3:21  SCV  
  34  3:25  Starport  
  34  3:26  Factory Reactor  
  35  3:30  SCV  
  35  3:33  SCV, Marine  
  38  3:42  Supply Depot, SCV  
  38  3:45  SCV  
  38  3:48  Supply Depot, Marine  
  40  3:49  Marine  
  40  3:55  SCV  
  43  3:57  SCV  
  44  4:05  Engineering Bay  
  44  4:07  SCV  
  44  4:08  Medivac x2  
  44  4:09  Marine x2  
  51  4:11  Marine  
  51  4:12  SCV  
  51  4:14  Factory Reactor  
  53  4:18  Supply Depot  
  53  4:22  SCV  
  54  4:26  SCV, Marine  
  54  4:28  Marine x2  
  54  4:31  Terran Infantry Weapons Level 1  
  58  4:33  Supply Depot  
  58  4:38  SCV  
  59  4:45  Barracks  
  59  4:48  Marine  
  59  4:49  Marine x2  
  59  4:52  SCV  
  63  4:55  Combat Shield  
  63  4:56  SCV  
  63  4:57  Starport Reactor  
  64  5:00  Supply Depot  
  64  5:04  Hellion x2  
  64  5:05  SCV  
  69  5:07  Supply Depot  
  69  5:09  Marine x2  
  69  5:11  SCV  
  72  5:17  SCV  
  72  5:18  Armory  
  72  5:19  Supply Depot  
  73  5:23  Marine  
  73  5:24  SCV  
  73  5:26  Hellion x2  
  79  5:29  SCV  
  79  5:31  Supply Depot  
  80  5:36  SCV  
  80  5:38  Supply Depot  
  80  5:39  Marine x3  
  80  5:41  SCV  
  85  5:43  Medivac  
  85  5:45  Marine x2  
  85  5:48  SCV  
  85  5:49  Hellion  
  92  5:52  Medivac  
  92  5:53  Hellion  
  92  5:57  Marine  
  96  6:00  SCV  
  96  6:01  SCV  
  96  6:02  Supply Depot  
  96  6:03  Supply Depot  
  99  6:06  Marine x3  
  99  6:07  Marine  
  103  6:13  Supply Depot  
  103  6:14  Marine  
  104  6:24  Marine x2  
  106  6:25  Marine x2  
  106  6:26  Hellion x2  
  106  6:32  Marine  
  113  6:41  Marine x2  
  113  6:42  Command Center  
  113  6:45  Marine  
  116  6:50  Marine  
  116  6:51  Marine  
  116  6:52  Hellion x2, Medivac  
  124  7:09  Marine  
  124  7:10  Marine x4  
  124  7:14  Barracks  
  124  7:15  Barracks  
  129  7:16  SCV  
  129  7:17  Refinery x2  
  129  7:21  Engineering Bay  
  130  7:24  Factory Tech Lab  
  130  7:30  Factory  
Tags
 
Add a new tag
Caveats
  • Supply blocks, unpowered buildings, or Contaminate may cause inaccurate times.
  • Supply counts are checked every 10 seconds.